 Dungeon Crawl Stone Soup version 0.23.0 (webtiles) character file.

Game seed: 17144259855759868650

5306 bpy6 the Grappler (level 10, -3/80 (81) HPs)
             Began as a Ghoul Gladiator on Feb 12, 2019.
             Slain by a porcupine (9 damage)
             ... on level 10 of the Dungeon.
             The game lasted 00:46:31 (9398 turns).

bpy6 the Grappler (Ghoul Gladiator)                 Turns: 9398, Time: 00:46:32

HP:   -3/80 (81)    AC: 11    Str: 19    XL:     10   Next: 64%
MP:   0/18          EV: 14    Int:  3    God:
Gold: 418           SH:  0    Dex: 13    Spells: 9/9 levels left

rFire    + . .     SeeInvis .     - Unarmed
rCold    + . .     Gourm    .   (no shield)
rNeg     + + +     Faith    +   x - +3 ring mail of Forking Paths {rF+ rN+}
rPois    ∞         Spirit   +   b - +0 helmet
rElec    .         Reflect  .   y - scarf {Spirit}
rCorr    .         Harm     .   (no gloves)
MR       .....                  g - +1 pair of boots
Stlth    +++.......             f - amulet of faith
HPRegen  0.00/turn              a - ring of magical power
MPRegen  0.16/turn              (no ring)

@: rotting
A: rotting body, claws 1, carnivore, cold resistance 1, negative energy
resistance 3, inhibited regeneration, torment resistance, unbreathing
a: no special abilities


You were on level 10 of the Dungeon.
You were not hungry.

You visited 2 branches of the dungeon, and saw 11 of its levels.

You collected 418 gold pieces.

Inventory:

Hand Weapons
 i - a +0 hunting sling
Missiles
 c - a throwing net (quivered)
Armour
 b - a +0 helmet (worn)
 g - a +1 pair of boots (worn)
 n - a cursed +0 leather armour
 x - the +3 ring mail of Forking Paths (worn) {rF+ rN+}
   (You found it on level 7 of the Dungeon)

   It protects you from fire.
   It protects you from negative energy.
 y - a scarf of spirit shield (worn)
Jewellery
 a - a ring of magical power (left claw)
 f - an amulet of faith (around neck)
Wands
 l - a wand of iceblast (9)
 t - a wand of flame (18)
 u - a wand of disintegration (7)
 z - a wand of acid (9)
Scrolls
 e - a scroll of remove curse
 j - a scroll of fear {unknown}
 o - a scroll of teleportation
 q - a scroll of amnesia
 s - 4 scrolls of fog
Potions
 r - 2 potions of agility
 v - a potion of resistance {unknown}
 w - a potion of might {unknown}
 B - a potion of lignification {unknown}
Comestibles
 d - 14 rations


   Skills:
 * Level 5.5 Fighting
 - Level 6.4 Throwing
 + Level 2.6 Armour
 - Level 6.8 Dodging
 + Level 9.0 Stealth
 + Level 9.0 Unarmed Combat


You had 9 spell levels left.
You didn't know any spells.
Your spell library was empty.

Dungeon Overview and Level Annotations

Branches:
Dungeon (10/15)            Temple (0/1) D:5             Orc (1/2) D:9
   Lair: D:8-11

Altars:
Cheibriados
Dithmenos
Hepliaklqana
Kikubaaqudgha
Nemelex Xobeh
Uskayaw
Vehumet
Xom
Yredelemnul
Zin
Beogh

Shops:
D:6 :=   D:10 (=(

Annotations:
D:5 2 runed translucent doors, kirsanium's ghost, novice KoBe
D:10 Joseph


Innate Abilities, Weirdness & Mutations

Your body is rotting away.
You thrive on raw meat.
You are immune to poison.
You have sharp fingernails.
You are carnivorous and can eat meat at any time.
Your flesh is cold resistant. (rC+)
You are immune to negative energy. (rN+++)
You do not regenerate when monsters are visible.
You are immune to unholy pain and torment.
You can survive without breathing.


Message History

The porcupine bites you but does no damage.
You are struck by the porcupine's spines.
You barely miss the porcupine. The porcupine bites you.
* * * LOW HITPOINT WARNING * * *
You closely miss the porcupine. The porcupine closely misses you.
You are struck by the porcupine's spines.
* * * LOW HITPOINT WARNING * * *
You claw the porcupine!
The porcupine is severely wounded.
The porcupine bites you!
* * * LOW HITPOINT WARNING * * *
You are struck by the porcupine's spines.
* * * LOW HITPOINT WARNING * * *
You scratch the porcupine.
The porcupine is almost dead.
The porcupine bites you but does no damage.
You barely miss the porcupine.
The porcupine is almost dead.
The porcupine bites you!
You die...

#............ #..@.#..$##..
#.........#...##.#.##......
.###########.(.#.......####
. #..##..=...o... >.########
##......#.#....# ..!.≈≈≈..
............... ..#o≈≈≈≈.
#.............# .....∩≈≈#
#.r.........#..
...≈≈≈≈≈#######@............
#.≈≈≈?.÷..................
#########..............###
#..###...Y.>...
#######.######....##.
##.......##.......##
##........##........#
#..........#........#
#..........#..........


You could see an ice beast and a porcupine.

Vanquished Creatures
  Pikel (D:6)
  A troll (D:9)
  2 hippogriffs
  Sigmund (D:6)
  A basilisk (D:10)
  A hungry ghost (D:8)
  Menkaure (D:7)
  4 orc warriors
  2 porcupines (D:10)
  A slave (D:6)
  4 ice beasts
  3 sky beasts
  3 phantoms
  3 ogres
  6 centaurs
  4 bullfrogs
  2 wyvern skeletons (D:8)
  4 scorpions
  A crimson imp (D:9)
  A quasit (D:9)
  3 jellies
  Crazy Yiuf (D:4)
  5 orc priests
  2 bullfrog skeletons
  3 centaur skeletons
  5 orc wizards
  5 worker ants
  A killer bee zombie (D:7)
  Robin (D:2)
  4 gnolls (D:6)
  7 adders
  2 shadow imps
  An ooze (D:5)
  An adder zombie (D:9)
  An adder skeleton (D:5)
  3 worms
  5 leopard geckos
  32 orcs
  3 ball pythons
  8 bats
  3 giant cockroaches
  19 goblins
  10 hobgoblins
  3 jackals (D:5)
  4 kobolds
  4 quokkas
  6 frilled lizards
  A jackal zombie (D:5)
  A leopard gecko skeleton (D:4)
  9 rats
199 creatures vanquished.

Vanquished Creatures (others)
  An orc wizard (D:8)
  2 bushes (D:10)
  3 fungi (D:10)
  10 plants (D:10)
16 creatures vanquished.

Grand Total: 215 creatures vanquished

Notes
Turn   | Place    | Note
-------+----------+-------------------------------------------
     0 | D:1      | bpy6 the Ghoul Gladiator began the quest for the Orb.
     0 | D:1      | Reached XP level 1. HP: 17/17 MP: 0/0
   130 | D:1      | Reached XP level 2. HP: 24/24 MP: 1/1
   183 | D:1      | Reached skill level 1 in Stealth
   467 | D:2      | Reached XP level 3. HP: 25/29 MP: 2/2
   515 | D:2      | Noticed Robin
   583 | D:2      | Killed Robin
   652 | D:2      | Found a sparkling altar of Nemelex Xobeh.
   721 | D:2      | Reached XP level 4. HP: 35/36 MP: 3/3
  1294 | D:3      | Noticed a bullfrog
  1295 | D:3      | Noticed a centaur
  1307 | D:3      | Killed a bullfrog
  1307 | D:3      | Reached XP level 5. HP: 28/40 MP: 4/4
  1319 | D:3      | Killed a centaur
  1319 | D:3      | Reached XP level 6. HP: 23/47 MP: 5/5
  1340 | D:3      | Found a snail-covered altar of Cheibriados.
  1340 | D:3      | Found a hazy altar of Hepliaklqana.
  1938 | D:4      | Noticed a phantom
  1967 | D:4      | Killed a phantom
  2013 | D:4      | Found a runed translucent door.
  2014 | D:4      | Noticed Crazy Yiuf
  2025 | D:4      | Killed Crazy Yiuf
  2208 | D:5      | Entered Level 5 of the Dungeon
  2220 | D:5      | Reached skill level 5 in Unarmed Combat
  2307 | D:5      | Reached XP level 7. HP: 30/53 MP: 6/6
  2387 | D:5      | HP: 2/55 [orc wizard/magic dart (2)]
  2536 | D:5      | Reached skill level 5 in Stealth
  2536 | D:5      | Reached XP level 8. HP: 24/61 MP: 7/7
  2689 | D:5      | Reached skill level 5 in Dodging
  2699 | D:5      | Found a large runed translucent door.
  2699 | D:5      | Found a large runed translucent door.
  2714 | D:5      | Noticed kirsanium's ghost (novice KoBe)
  2852 | D:5      | Found a hide-covered altar of Uskayaw.
  2880 | D:5      | Found an ancient bone altar of Kikubaaqudgha.
  2887 | D:5      | Found a glowing silver altar of Zin.
  2892 | D:5      | Found a shimmering altar of Xom.
  2919 | D:5      | Found a staircase to the Ecumenical Temple.
  3259 | D:6      | Found Moank's Book Shop.
  3283 | D:6      | Found Baec's Jewellery Boutique.
  3437 | D:6      | Reached skill level 5 in Throwing
  3608 | D:6      | Noticed Pikel
  3648 | D:6      | Killed Pikel
  3648 | D:6      | Reached XP level 9. HP: 5/66 MP: 8/8
  3798 | D:6      | Noticed Sigmund
  3812 | D:6      | Killed Sigmund
  3991 | D:7      | Noticed Menkaure
  4002 | D:7      | Killed Menkaure
  4334 | D:7      | Got a polished ring mail
  4335 | D:7      | Identified the +3 ring mail of Forking Paths {rF+ rN+} (You
                  | found it on level 7 of the Dungeon)
  4369 | D:7      | Found an ancient bone altar of Kikubaaqudgha.
  4935 | D:8      | Found a shadowy altar of Dithmenos.
  4959 | D:8      | Found a basalt altar of Yredelemnul.
  5032 | D:8      | Found a radiant altar of Vehumet.
  5522 | D:9      | Noticed a troll
  6185 | D:9      | Reached XP level 10. HP: 18/74 MP: 9/9
  6510 | D:9      | Reached skill level 1 in Armour
  7159 | D:9      | Found a roughly hewn altar of Beogh.
  7159 | D:9      | Found a staircase to the Orcish Mines.
  8020 | Orc:1    | Entered Level 1 of the Orcish Mines
  8488 | D:10     | Entered Level 10 of the Dungeon
  8787 | D:10     | Reached skill level 5 in Fighting
  9041 | D:10     | Found Vibaleh's Antique Weapon Shop.
  9089 | D:10     | Noticed Joseph
  9122 | D:10     | Found Meiru's Weapon Shop.
  9212 | D:10     | Found Xobb's Jewellery Shop.
  9398 | D:10     | Slain by a porcupine

Skill      XL: |  1  2  3  4  5  6  7  8  9 10 |
---------------+-------------------------------+-----
Throwing       | 2 3 4 5 6 |  6.4
Stealth        | 1 2 3 4 5 6 8 9 |  9.0
Dodging        | 3 4 6 |  6.8
Unarmed Combat | 4 5 7 8 9 |  9.0
Fighting       | 5 |  5.5
Armour         | 2 |  2.6

Action                   |  1- 3 |  4- 6 |  7- 9 | 10-12 || total
-------------------------+-------+-------+-------+-------++-------
Melee: Unarmed           |   116 |   161 |   404 |   244 ||   925
       Punch             |     1 |     1 |    10 |    11 ||    23
Throw: Throwing net      |     2 |     1 |     1 |     2 ||     6
  Use: Potion            |     1 |       |     5 |     4 ||    10
       Scroll            |       |       |     9 |     4 ||    13
 Stab: Sleeping          |     2 |     8 |     7 |     3 ||    20
       Distracted        |       |       |     1 |       ||     1
       Held in net/web   |       |       |     1 |     1 ||     2
  Eat: Chunk             |       |     8 |    45 |    18 ||    71
       Ration            |       |     1 |     4 |     2 ||     7
Armor: Leather armour    |    35 |    43 |       |       ||    78
       Animal skin       |       |     5 |    47 |       ||    52
       Ring mail         |       |       |    31 |   116 ||   147
Dodge: Dodged            |    92 |   109 |   279 |   221 ||   701
